 Dungeon Crawl Stone Soup version 0.29-a0-323-g050149af67 (webtiles) character file.

Game seed: 8870572444563315285

1285 spaghetti the Conjurer (level 8, -13/52 HPs)
             Began as a Demonspawn Conjurer on Apr 11, 2022.
             Was an Initiate of Yredelemnul.
             Mangled by Joseph
             ... wielding a +0 quarterstaff
              (17 damage)
             ... on level 7 of the Dungeon.
             The game lasted 00:18:43 (7178 turns).

spaghetti the Conjurer (Demonspawn Conjurer)        Turns: 7178, Time: 00:18:44

Health: -13/52     AC:  8    Str: 13    XL:     8   Next: 29%
Magic:  14/15      EV: 11    Int: 21    God:    Yredelemnul [......]
Gold:   1077       SH:  0    Dex: 13    Spells: 2/17 levels left

rFire   . . .      SeeInvis .   o - +1 hand axe (elec) {axe}
rCold   . . .      Faith    .   (no shield)
rNeg    + . .      Spirit   .   A - +1 leather armour "Revvon" {rN+ Str+6 Stlth-}
rPois   .          Reflect  .   (no helmet)
rElec   .          Harm     .   (no cloak)
rCorr   .          Rampage  .   s - +0 pair of gloves
Will    +....                   (no boots)
Stlth   +.........              (no amulet)
HPRegen 0.17/turn               y - ring of willpower
MPRegen 0.28/turn               (no ring)

@: mighty, attractive, hasted and slowed
A: hooves 1, molten scales 2, powered by pain 1, magic regeneration
a: Renounce Religion, Recall Undead Harvest


You were on level 7 of the Dungeon.
You worshipped Yredelemnul.
Yredelemnul was noncommittal.
You visited 1 branch of the dungeon, and saw 7 of its levels.

You collected 1341 gold pieces.
You spent 264 gold pieces at shops.


Innate Abilities, Weirdness & Mutations

You have large cloven feet.
You are mostly covered in molten scales. (AC +3)
You sometimes gain a little power by taking damage.
You regenerate magic rapidly.


   Skills:
 - Level 1.7 Dodging
 - Level 1.7 Stealth
 + Level 5.0 Spellcasting
 + Level 6.4 Conjurations
 + Level 4.2 Air Magic
 - Level 2.0 Poison Magic
 + Level 5.8 Invocations


You had 2 spell levels left.
You knew the following spells:

 Your Spells              Type           Power      Damage    Failure   Level
a - Magic Dart            Conj           100%       1d8       1%          1
b - Searing Ray           Conj           64%        2d6       1%          2
c - Mephitic Cloud        Conj/Pois/Air  23%        N/A       8%          3
d - Fulminant Prism       Conj/Hex       9%         3d7       36%         4
e - Freezing Cloud        Conj/Ice/Air   10%        6-21      65%         5

Your spell library contained the following spells:

 Spells                   Type           Power      Damage    Failure   Level
 Dazzling Flash           Conj/Hex       36%        N/A       11%         3
 Ignite Poison            Fire/Tmut/Pois 8%         N/A       32%         3
 Iskenderun's Mystic Bla  Conj/Tloc      18%        2d6       36%         4
 Tukima's Dance           Hex            5%         N/A       38%         3
 Passage of Golubria      Tloc           5%         N/A       80%         4
 Conjure Ball Lightning   Conj/Air       13%        3x3d6     93%         6
 Summon Forest            Summ/Tloc      2%         N/A       98%         5
 Summon Mana Viper        Hex/Summ       5%         N/A       98%         5
 Yara's Violent Unravell  Hex/Tmut       2%         3d3       98%         5
 Summon Cactus Giant      Summ           2%         N/A       100%        6
 Discord                  Hex            2%         N/A       100%        8
 Disjunction              Tloc           2%         N/A       100%        8

Inventory:

Hand Weapons
 e - a +0 dagger {short}
   (You found it on level 1 of the Dungeon)
 f - a +0 dagger of venom {short}
   (You found it on level 2 of the Dungeon)
 g - a +1 vampiric short sword {short}
   (You took it off a kobold on level 1 of the Dungeon)
 h - the +3 great mace of Patterns {freeze, rN+ Will- Str+3, mace}
   (You bought it in a shop on level 2 of the Dungeon)

   It freezes those it strikes, dealing additional cold damage.
   It can also slow down cold-blooded creatures.
   Str:       It affects your strength (+3).
   rN:        It protects you from negative energy.
   Will:      It decreases your willpower.
 o - a +1 hand axe of electrocution (weapon) {axe}
   (You took it off an orc on level 3 of the Dungeon)
 B - a +0 dagger {short}
   (You took it off a kobold on level 7 of the Dungeon)
Missiles
 d - 207 stones {throwing}
 p - 2 throwing nets {=f!fthrowing}
 u - 6 boomerangs {throwing}
 C - 5 poisoned darts {throwing}
 D - a curare-tipped dart {=fthrowing}
Armour
 a - a +0 robe
 s - a +0 pair of gloves (worn)
   (You found it on level 4 of the Dungeon)
 A - the +1 leather armour "Revvon" (worn) {rN+ Str+6 Stlth-}
   (You took it off a kobold on level 7 of the Dungeon)

   Str:       It affects your strength (+6).
   rN:        It protects you from negative energy.
   Stlth:     It makes you less stealthy.
Jewellery
 v - an amulet of guardian spirit
   (You found it on level 4 of the Dungeon)
 y - a ring of willpower (left hand)
   (You found it on level 6 of the Dungeon)
 E - a ring of magical power
   (You took it off a kobold brigand on level 7 of the Dungeon)
Wands
 b - a wand of iceblast (16)
   (You took it off Ijyb on level 4 of the Dungeon)
 j - a wand of digging (6)
   (You found it on level 3 of the Dungeon)
 n - a wand of polymorph (15)
   (You took it off a gnoll on level 6 of the Dungeon)
Scrolls
 c - a scroll of immolation {unknown}
 i - a scroll of torment {!r}
 k - 3 scrolls of fog
 l - a scroll of enchant weapon
 m - 3 scrolls of vulnerability {!r!r}
 r - a scroll of amnesia
Potions
 q - a potion of haste {@q3}
 t - a potion of lignification {!q}
 w - a potion of resistance
 x - 2 potions of attraction {!q}

Dungeon Overview and Level Annotations

Branches:
Dungeon (7/15)
 Temple: D:4-7

Altars:
Yredelemnul

Shops:
D:2 (

Annotations:
D:7 Joseph

######### .
#....D..# ..
#####....W@.#
...##...##...Z@.#
...))<..........#
.....))).))..ยง..#
........##......#
.......<##......#
.........#.)....#
.........#......#
.........#......#


You could see Joseph (confused, ally target), a wraith, a steam dragon and a
friendly howler monkey zombie.


Message History

t - Shout!
Orders for allies: a - Attack new target. p - Attack previous target. r - Retreat! s - Stop attacking. g - Guard the area. f - Follow me.
Anything else - Cancel.
Gang up on whom?
Press: ? - help, Dir - move target, f/p - Joseph
Aim: Joseph, wielding a +0 quarterstaff and wearing a +0 leather armour (noxious fumes, lightly wounded, confused, ally target) Attack!
The howler monkey is engulfed in noxious fumes.
The howler monkey appears confused.
Your kobold zombie hits Joseph but does no damage.
Joseph is engulfed in noxious fumes.
Joseph appears confused.
The howler monkey is attracted toward you. ๐Ÿ˜ฎ MP[+1]
What are your orders? t - Shout!
Orders for allies: a - Attack new target. p - Attack previous target. r - Retreat! s - Stop attacking. g - Guard the area. f - Follow me.
Anything else - Cancel.
Gang up on whom?
Press: ? - help, Dir - move target, f/p - Joseph
Aim: Joseph, wielding a +0 quarterstaff and wearing a +0 leather armour (lightly wounded, confused, ally target)
Okay, then.
You slash the howler monkey! You punch the howler monkey.
The howler monkey hits your kobold zombie!
Your kobold zombie is destroyed!
You hit the howler monkey.
A wraith comes into view.
Your kobold brigand zombie hits Joseph but does no damage.
Your kobold zombie hits Joseph but does no damage.
Joseph is attracted toward you. The wraith is attracted toward you.
You hit the howler monkey.
You kill the howler monkey!
You hit Joseph but do no damage.
A black mist starts to gather...
Joseph hits you but does no damage. The wraith hits your kobold zombie!
Your kobold zombie closely misses the wraith.
Your Spellcasting skill increases to level 5! ๐Ÿ˜ฎ HP[+1] MP[+1]
You catch the helpless Joseph completely off-guard!
You hit Joseph.
A ball of steam appears from out of your range of vision.
The ball of steam hits your kobold brigand zombie.
Your kobold brigand zombie is destroyed!
The wraith hits your kobold zombie.
Your kobold zombie is destroyed!
Your howler monkey zombie hits Joseph.
Unknown command.
You barely miss Joseph. You kick Joseph, but do no damage.
Joseph hits you with a +0 quarterstaff!
* * * LOW HITPOINT WARNING * * *
You focus on the pain.
You feel very mighty all of a sudden.
Your howler monkey zombie hits Joseph.
Your kobold zombie barely misses Joseph. ๐Ÿ˜จ HP[-14] MP[+1]
You take 14 damage, and now have 14/52 hp.
MASSIVE DAMAGE!! (PAUSE) Unknown command.
You barely miss Joseph.
Your howler monkey zombie completely misses Joseph.
The wraith is engulfed in a cloud of scalding steam.
The wraith hits your kobold zombie!
Joseph hits your kobold zombie with a +0 quarterstaff!
Your kobold zombie is destroyed!
Joseph is attracted toward you. The wraith is attracted toward you.
The steam dragon is attracted toward you.
A steam dragon comes into view.
Unknown command.
Okay, then.
You feel yourself speed up.
The steam dragon hisses angrily.
Your howler monkey zombie hits Joseph but does no damage.
The wraith hits you.
* * * LOW HITPOINT WARNING * * *
The wraith drains your vigour!
You feel yourself slow down.
The steam dragon bites your howler monkey zombie!
The steam dragon claws your howler monkey zombie.
Joseph hits you with a +0 quarterstaff!
* * * LOW HITPOINT WARNING * * *
๐Ÿ˜ฑ HP[-13]
You take 13 damage, and now have 1/52 hp.
MASSIVE DAMAGE!! (PAUSE)
Okay, then.
The wraith attacks as you move away! The wraith barely misses you.
Your howler monkey zombie hits Joseph but does no damage.
Joseph is attracted toward you. The wraith attacks as you move away!
The wraith barely misses you.
Joseph is attracted toward you. ๐Ÿ˜ฑ MP[+1] Joseph is attracted toward you.
Okay, then.
Okay, then.
You feel better. The wraith hits you.
* * * LOW HITPOINT WARNING * * *
Joseph hits you with a +0 quarterstaff!
You die...
Your body rises from the dead as a mindless zombie.

Skill      XL: |  1  2  3  4  5  6  7  8 |
---------------+-------------------------+-----
Conjurations   | 5 6 |  6.4
Poison Magic   | 1 2 |  2.0
Air Magic      | 1 2 3 4 |  4.2
Invocations    | 1 2 3 5 |  5.8
Spellcasting   | 3 4 5 |  5.0
Dodging        | |  1.7
Stealth        | |  1.7

Action                   |  1- 3 |  4- 6 |  7- 9 || total
-------------------------+-------+-------+-------++-------
Melee: Short sword       |    12 |     7 |       ||    19
       Unarmed           |     5 |       |       ||     5
       Dagger            |       |    12 |       ||    12
       Kick              |       |    20 |     7 ||    27
       Hand axe          |       |    42 |    33 ||    75
       Punch             |       |       |     2 ||     2
Throw: Stone             |       |     3 |       ||     3
 Cast: Magic Dart        |    76 |   124 |    65 ||   265
       Mephitic Cloud    |       |     6 |     4 ||    10
       Searing Ray       |       |     3 |     4 ||     7
       Fulminant Prism   |       |     1 |     6 ||     7
  Use: Potion            |     1 |     5 |     4 ||    10
       Scroll            |       |    10 |     4 ||    14
 Stab: Sleeping          |       |     1 |       ||     1
       Confused          |       |     1 |     2 ||     3
Armor: Robe              |     4 |    18 |     8 ||    30
       Skin              |       |       |    11 ||    11
       Leather armour    |       |       |     1 ||     1
Dodge: Dodged            |    16 |    73 |    32 ||   121

Levels and vault maps discovered:
D:1:      tarquinn_simple_flora_water_b, layout_basic
D:2:      layout_loops_ring, serial_shops, shop, chequers_big_river
D:3:      layout_basic, basic_ecumenical_altar, serial_bayou_ford_a
D:4:      layout_rooms, uniq_ijyb
D:5:      layout_rooms, minmay_temple_entry_large_hall, uniq_eustachio
D:6:      layout_basic
D:7:      layout_gridville, nicolae_uskayaw_en_pointe, uniq_menkaure,
          uniq_joseph

Notes
Turn   | Place    | Note
-------+----------+-------------------------------------------
     0 | D:1      | spaghetti the Demonspawn Conjurer began the quest for the
                  | Orb.
     0 | D:1      | Reached XP level 1. HP: 13/13 MP: 3/3
     0 | D:1      | magus.rc [v1.9.6]
   107 | D:1      | You add the spells Ignite Poison, Mephitic Cloud and
                  | Freezing Cloud to your library.
   389 | D:1      | Gained mutation: You are partially covered in molten
                  | scales. (AC +2) [demonic ancestry]
   389 | D:1      | Reached XP level 2. HP: 19/19 MP: 0/5
   445 | D:1      | Learned a level 2 spell: Searing Ray
  1105 | D:1      | Reached skill level 5 in Conjurations
  1319 | D:2      | Gained mutation: You have large cloven feet. [demonic
                  | ancestry]
  1319 | D:2      | Reached XP level 3. HP: 24/24 MP: 2/6
  1628 | D:2      | Learned a level 3 spell: Mephitic Cloud
  1693 | D:2      | Gained mutation: You sometimes gain a little power by
                  | taking damage. [demonic ancestry]
  1693 | D:2      | Reached XP level 4. HP: 30/30 MP: 1/7
  2182 | D:2      | Found Zadeav's Antique Weapon Shop.
  2599 | D:3      | Found a faded altar of an unknown god.
  2622 | D:3      | Reached skill level 1 in Poison Magic
  2716 | D:3      | Identified a scroll of acquirement
  2716 | D:3      | Acquired 1033 gold pieces
  2719 | D:3      | Prayed at the altar of an unknown god.
  2719 | D:3      | Became a worshipper of Yredelemnul the Dark
  2719 | D:3      | Reached * piety under Yredelemnul
  3032 | D:3      | Reached skill level 1 in Air Magic
  3249 | D:2      | Bought a masterwork great mace for 264 gold pieces
  3249 | D:2      | Identified the +3 great mace of Patterns {freeze, rN+ Will-
                  | Str+3} (You bought it in a shop on level 2 of the Dungeon)
  3279 | D:3      | Reached skill level 1 in Invocations
  3279 | D:3      | Reached XP level 5. HP: 24/35 MP: 5/9
  3603 | D:3      | Reached skill level 3 in Spellcasting
  3658 | D:3      | You add the spells Tukima's Dance, Passage of Golubria and
                  | Yara's Violent Unravelling to your library.
  3680 | D:3      | You pick up a book of the Wilderness and begin reading...
  3680 | D:3      | You add the spells Summon Forest, Summon Mana Viper and
                  | Summon Cactus Giant to your library.
  3695 | D:3      | Learned a level 4 spell: Fulminant Prism
  4615 | D:4      | Noticed Ijyb
  4637 | D:4      | Noticed an ogre
  4652 | D:4      | Killed an ogre
  4653 | D:4      | Reached skill level 2 in Air Magic
  4653 | D:4      | Reached skill level 2 in Poison Magic
  4653 | D:4      | Reached skill level 2 in Invocations
  4653 | D:4      | Gained mutation: You regenerate magic rapidly. [demonic
                  | ancestry]
  4653 | D:4      | Reached XP level 6. HP: 40/41 MP: 0/10
  5097 | D:4      | Killed Ijyb
  5098 | D:4      | Reached skill level 3 in Invocations
  5133 | D:4      | HP: 10/41 [scorpion (6)]
  5394 | D:5      | Entered Level 5 of the Dungeon
  5515 | D:5      | Noticed an orc warrior
  5663 | D:6      | You pick up a book of Chaos and begin reading...
  5663 | D:6      | You add the spells Conjure Ball Lightning, Disjunction and
                  | Discord to your library.
  5690 | D:6      | Reached XP level 7. HP: 46/46 MP: 2/12
  5775 | D:6      | Reached skill level 3 in Air Magic
  5807 | D:6      | Reached skill level 4 in Spellcasting
  5807 | D:6      | Reached skill level 4 in Invocations
  5825 | D:6      | HP: 11/46 [gnoll/+0 halberd (12)]
  5826 | D:6      | HP: 2/46 [gnoll/+0 halberd (9)]
  6261 | D:6      | Reached skill level 6 in Conjurations
  6350 | D:6      | Reached skill level 5 in Invocations
  6569 | D:6      | Gained mutation: You are mostly covered in molten scales.
                  | (AC +3) [demonic ancestry]
  6569 | D:6      | Reached XP level 8. HP: 50/52 MP: 6/15
  6609 | D:6      | Reached skill level 4 in Air Magic
  6695 | D:6      | Learned a level 5 spell: Freezing Cloud
  7060 | D:7      | Identified the +1 leather armour "Revvon" {rN+ Str+6
                  | Stlth-}
  7156 | D:7      | Noticed Joseph
  7171 | D:7      | Reached skill level 5 in Spellcasting
  7174 | D:7      | HP: 10/52 [wraith (5)]
  7174 | D:7      | HP: 1/52 [Joseph/+0 quarterstaff (9)]
  7178 | D:7      | Mangled by Joseph

Vanquished Creatures
  An ice beast (D:6)
  An ogre (D:4)
  A kobold brigand (D:7)
  A gnoll sergeant (D:6)
  3 scorpions
  A jelly (D:6)
  A howler monkey (D:7)
  A gnoll shaman (D:6)
  2 hounds
  An orc priest (D:5)
  2 iguanas
  An orc wizard (D:7)
  Ijyb (D:4)
  4 gnolls (D:6)
  12 adders
  An ufetubus (D:6)
  2 worms (D:3)
  3 dart slugs
  14 orcs
  5 bats
  8 endoplasms
  8 giant cockroaches
  7 hobgoblins
  3 jackals (D:3)
  13 kobolds
  2 quokkas
  9 ball pythons
  4 frilled lizards
  6 goblins
  A goblin zombie (D:4)
  2 kobold zombies (D:7)
  A quokka zombie (D:4)
  6 rats
128 creatures vanquished.

Vanquished Creatures (collateral kills)
  An ice beast (D:6)
  A bullfrog (D:6)
  An orc priest (D:3)
  4 gnolls (D:6)
  A worm (D:3)
  2 orcs (D:3)
  An endoplasm (D:4)
  A kobold (D:4)
12 creatures vanquished.

Vanquished Creatures (others)
  A spectral ice beast (D:6)
  2 adder zombies
  4 gnoll zombies (D:6)
  4 kobold zombies
  3 orc zombies
  7 fulminant prisms
  8 plants
29 creatures vanquished.

Grand Total: 169 creatures vanquished

Table legend:
 A = Non-vault XP
 B = Vault XP
 C = Vault XP percentage of total XP
 D = Non-vault monster count
 E = Vault monster count
 F = Vault count percentage of total count
                 A         B        C        D         E       F
            +---------+---------+-------+---------+---------+-------
      Total |    1804 |      33 |   1.8 |     135 |       1 |   0.7
            +---------+---------+-------+---------+---------+-------
        D:1 |      53 |       0 |   0.0 |      25 |       0 |   0.0
        D:2 |      68 |       0 |   0.0 |      27 |       0 |   0.0
        D:3 |     144 |       0 |   0.0 |      23 |       0 |   0.0
        D:4 |     327 |      33 |   9.2 |      19 |       1 |   5.0
        D:5 |      50 |       0 |   0.0 |       4 |       0 |   0.0
        D:6 |     950 |       0 |   0.0 |      23 |       0 |   0.0
        D:7 |     212 |       0 |   0.0 |      14 |       0 |   0.0
            +---------+---------+-------+---------+---------+-------

Illustrated notes

Table legend:
 A = Kills in this place as a percentage of kills in entire the game.
 B = Kills by you in this place as a percentage of kills by you in the entire game.
 C = Kills by friends in this place as a percentage of kills by friends in the entire game.
 D = Other kills in this place as a percentage of other kills in the entire game.
 E = Experience gained in this place as a percentage of experience gained in the entire game.
 F = Experience gained in this place divided by the number of levels of this place that you have seen.
                   A       B       C       D       E      F
               +-------+-------+-------+-------+-------+----------------------
         Total | 100.0 | 100.0 | 100.0 | 100.0 | 100.0 | 262.4
       Dungeon | 100.0 | 100.0 | 100.0 | 100.0 | 100.0 | 262.4
               +-------+-------+-------+-------+-------+----------------------

Table legend: (Time is in decaauts)
 A = Elapsed time spent in this place.
 B = Non-inter-level travel time spent in this place.
 C = Inter-level travel time spent in this place.
 D = Time resting spent in this place.
 E = Time spent auto-exploring this place.
 F = Levels seen in this place.
 G = Mean time per level.
                   A        B        C        D        E       F      G
               +--------+--------+--------+--------+--------+-----+--------+
         Total |   7222 |   6978 |    244 |   1812 |   4241 |   7 | 1031.7 |
       Dungeon |   7222 |   6978 |    244 |   1812 |   4241 |   7 | 1031.7 |
               +--------+--------+--------+--------+--------+-----+--------+

Top non-repeatable levels by time:
     D:2: 1630 daAuts
     D:3: 1591 daAuts
     D:6: 1444 daAuts
     D:1: 1415 daAuts
     D:4: 899 daAuts
     D:7: 218 daAuts
     D:5: 22 daAuts
